 Dungeon Crawl Stone Soup version 0.28.0-45-g0d030f2227 (webtiles) character file.

Game seed: 2839998578452254116

327 DearestLeader the Grasshopper (level 6, -2/50 (51) HPs)
             Began as a Gnoll Warper on Apr 7, 2022.
             Was a Follower of Okawaru.
             Slain by Crazy Yiuf
             ... wielding a +4 quarterstaff of chaos
              (5 damage)
             ... on level 4 of the Dungeon.
             The game lasted 00:04:33 (3598 turns).

DearestLeader the Grasshopper (Gnoll Warper)        Turns: 3598, Time: 00:04:33

HP:   -2/50 (51)    AC:  3    Str: 12    XL:     6   Next: 50%
MP:   14/14         EV: 13    Int: 12    God:    Okawaru [*.....]
Gold: 87            SH:  0    Dex: 12    Spells: 10/15 levels left

rFire   . . .      SeeInvis .   g - +2 hunting sling (flame)
rCold   . . .      Faith    .   (no shield)
rNeg    . . .      Spirit   .   b - +0 leather armour
rPois   .          Reflect  .   (no helmet)
rElec   .          Harm     .   (no cloak)
rCorr   .          Rampage  .   (no gloves)
Will    .....                   (no boots)
Stlth   ++........              (no amulet)
HPRegen 0.16/turn               (no ring)
MPRegen 0.14/turn               (no ring)

@: lightly drained
A: fangs 1, strong nose, distributed training
a: Renounce Religion, Heroism


You were on level 4 of the Dungeon.
You worshipped Okawaru.
Okawaru was aware of your devotion.
You visited 1 branch of the dungeon, and saw 4 of its levels.

You collected 87 gold pieces.

Inventory:

Hand Weapons
 a - a +0 hand axe
 e - a +1 dagger of draining
 g - a +2 hunting sling of flaming (weapon)
 o - a +0 war axe
Missiles
 d - 3 boomerangs of dispersal
 h - 118 stones (quivered ammo)
Armour
 b - a +0 leather armour (worn)
 m - a +3 plate armour
Scrolls
 c - 5 scrolls of blinking
 k - 3 scrolls of identify {unknown}
 l - a scroll of immolation {unknown}
 r - a scroll of vulnerability {unknown}
Potions
 f - 5 potions of lignification {unknown}
 i - a potion of degeneration {unknown}
 j - 2 potions of haste {unknown}
 n - 2 potions of might {unknown}
 p - a potion of heal wounds {unknown}
 q - a potion of mutation {unknown}


   Skills:
 + Level 5.0 Fighting
 + Level 2.0 Short Blades
 + Level 2.0 Long Blades
 + Level 5.0 Axes
 + Level 2.0 Maces & Flails
 + Level 2.0 Polearms
 + Level 2.0 Staves
 + Level 2.0 Slings
 + Level 2.0 Bows
 + Level 2.0 Crossbows
 + Level 3.2 Throwing
 + Level 3.2 Armour
 + Level 5.0 Dodging
 + Level 2.0 Stealth
 + Level 2.0 Shields
 + Level 2.0 Unarmed Combat
 + Level 5.4 Spellcasting
 + Level 1.5 Conjurations
 + Level 1.5 Hexes
 + Level 1.5 Summonings
 + Level 1.5 Necromancy
 + Level 5.6 Translocations
 + Level 1.5 Transmutations
 + Level 1.5 Fire Magic
 + Level 1.5 Ice Magic
 + Level 1.5 Air Magic
 + Level 1.5 Earth Magic
 + Level 1.5 Poison Magic
 + Level 2.2 Invocations
 + Level 2.0 Evocations


You had 10 spell levels left.
You knew the following spells:

 Your Spells              Type           Power      Damage    Failure   Level
a - Blink                 Tloc           32%        N/A       3%          2
b - Gell's Gravitas       Tloc           16%        N/A       7%          3

Your spell library contained the following spells:

 Spells                   Type           Power      Damage    Failure   Level
 Lesser Beckoning         Tloc           16%        N/A       7%          3
 Teleport Other           Tloc           16%        N/A       7%          3
 Beastly Appendage        Tmut           14%        N/A       13%         1
 Shock                    Conj/Air       28%        1d4       13%         1
 Sting                    Tmut/Pois      28%        1d4       13%         1
 Poisonous Vapours        Pois/Air       14%        N/A       19%         2
 Wereblood                Tmut           7%         N/A       19%         2
 Spider Form              Tmut/Pois      7%         N/A       36%         3
 Swiftness                Air            7%         N/A       36%         3
 Manifold Assault         Tloc           16%        N/A       54%         5
 Airstrike                Air            3%         N/A       77%         4
 Olgreb's Toxic Radiance  Pois           7%         N/A       77%         4


Dungeon Overview and Level Annotations

Branches:
Dungeon (4/15)
 Temple: D:4-7

Altars:
Okawaru

Annotations:
D:4 Crazy Yiuf, Pikel


Innate Abilities, Weirdness & Mutations

You have very sharp teeth.
Your uncanny sense of smell can sniff out nearby items.
Your experience applies equally to all skills.


Message History

You hear a zap.
You hear a grinding noise.
Found a glowing mace.
Found a runed translucent door.
Crazy Yiuf shouts!
As you open the door, it creaks loudly!
You shoot a stone.
The stone hits Crazy Yiuf but does no damage.
Crazy Yiuf hits you with a +4 quarterstaff of chaos!
Crazy Yiuf burns you.
You shoot a stone. The stone barely misses Crazy Yiuf.
Crazy Yiuf closely misses you.
You shoot a stone. The stone hits Crazy Yiuf.
The stone burns Crazy Yiuf.
Crazy Yiuf is heavily wounded.
Crazy Yiuf says, "Crazy?
Crazy!?
PORCUPINE!"
Crazy Yiuf closely misses you.
You shoot a stone.
The stone hits Crazy Yiuf but does no damage.
Crazy Yiuf is heavily wounded.
Crazy Yiuf barely misses you.
You shoot a stone.
The stone hits Crazy Yiuf but does no damage.
Crazy Yiuf is moderately wounded.
Crazy Yiuf hits you with a +4 quarterstaff of chaos!
Crazy Yiuf draws strength from your wounds!
You are too injured to fight recklessly!
You are too injured to fight recklessly!
You are too injured to fight recklessly!
Fire: 120 stones
Press: ? - help, Q - select action, (/) - cycle Shift-Dir - straight line, f/p - Crazy Yiuf
Aim: Crazy Yiuf, wielding a +4 quarterstaff of chaos and wearing a +0 cloak (66% to hit)
You shoot a stone. The stone barely misses Crazy Yiuf.
Crazy Yiuf hits you with a +4 quarterstaff of chaos!
* * * LOW HITPOINT WARNING * * *
Fire: 119 stones
Press: ? - help, Q - select action, (/) - cycle Shift-Dir - straight line, f/p - Crazy Yiuf
Aim: Crazy Yiuf, wielding a +4 quarterstaff of chaos and wearing a +0 cloak (66% to hit)
You shoot a stone. The stone closely misses Crazy Yiuf.
Crazy Yiuf hits you with a +4 quarterstaff of chaos!
* * * LOW HITPOINT WARNING * * *
You feel drained.
You die...

#.#
#.#......)..)
#.#
#..........#
#.#
#..........#
##.## #####
#..........#
##...# #)(.#
#..........#
#..#.# #...#
#..........#
##...# ...
#.........##
#..## #g#
#.........#
#..##### #@##
#.........#
#....(.# ##.#
#.........#
#.###### #.##
#####.###.##
#)# ##.#
#.###... #.#
##.##
#.....## #.#
##. ##...#
#####... #.#
#.. #....#
#..# #.# #..
#....#
########..#
#.# #.#
#....#
#..........


You could see Crazy Yiuf.

Vanquished Creatures
  2 ogres (D:4)
  A jelly (D:3)
  An orc wizard (D:4)
  4 adders
  A worm (D:2)
  A dart slug (D:4)
  4 orcs
  6 ball pythons
  8 endoplasms
  6 giant cockroaches
  4 goblins
  A jackal (D:3)
  4 bats
  7 frilled lizards
  6 kobolds
  3 rats (D:1)
59 creatures vanquished.

Notes
Turn   | Place    | Note
-------+----------+-------------------------------------------
     0 | D:1      | DearestLeader the Gnoll Warper began the quest for the Orb.
     0 | D:1      | Reached XP level 1. HP: 20/20 MP: 6/6
   206 | D:1      | Reached XP level 2. HP: 24/26 MP: 7/7
  1008 | D:1      | Reached XP level 3. HP: 31/31 MP: 9/9
  1039 | D:1      | Reached skill level 5 in Spellcasting
  1176 | D:2      | Learned a level 2 spell: Blink
  1180 | D:2      | Learned a level 3 spell: Gell's Gravitas
  1461 | D:2      | Found an iron altar of Okawaru.
  1469 | D:2      | Became a worshipper of Warmaster Okawaru
  1613 | D:2      | Found a faded altar of an unknown god.
  1699 | D:2      | Reached skill level 1 in Invocations
  2174 | D:3      | Reached skill level 1 in Short Blades
  2174 | D:3      | Reached skill level 1 in Long Blades
  2174 | D:3      | Reached skill level 1 in Maces & Flails
  2174 | D:3      | Reached skill level 1 in Polearms
  2174 | D:3      | Reached skill level 1 in Staves
  2174 | D:3      | Reached skill level 1 in Slings
  2174 | D:3      | Reached skill level 1 in Bows
  2174 | D:3      | Reached skill level 1 in Crossbows
  2174 | D:3      | Reached skill level 1 in Stealth
  2174 | D:3      | Reached skill level 1 in Shields
  2174 | D:3      | Reached skill level 1 in Unarmed Combat
  2174 | D:3      | Reached skill level 1 in Evocations
  2248 | D:3      | Reached XP level 4. HP: 38/38 MP: 11/11
  2896 | D:4      | Noticed an ogre
  2906 | D:4      | Killed an ogre
  2907 | D:4      | Reached skill level 1 in Conjurations
  2907 | D:4      | Reached skill level 1 in Hexes
  2907 | D:4      | Reached skill level 1 in Summonings
  2907 | D:4      | Reached skill level 1 in Necromancy
  2907 | D:4      | Reached skill level 1 in Transmutations
  2907 | D:4      | Reached skill level 1 in Fire Magic
  2907 | D:4      | Reached skill level 1 in Ice Magic
  2907 | D:4      | Reached skill level 1 in Air Magic
  2907 | D:4      | Reached skill level 1 in Earth Magic
  2907 | D:4      | Reached skill level 1 in Poison Magic
  2907 | D:4      | Reached XP level 5. HP: 43/43 MP: 12/12
  2928 | D:4      | Noticed an ogre
  2933 | D:4      | Killed an ogre
  2934 | D:4      | Reached XP level 6. HP: 50/50 MP: 13/13
  3090 | D:4      | Reached skill level 5 in Fighting
  3090 | D:4      | Reached skill level 5 in Axes
  3090 | D:4      | Reached skill level 5 in Dodging
  3217 | D:4      | Noticed Pikel
  3298 | D:3      | Reached * piety under Okawaru
  3587 | D:4      | Found a runed translucent door.
  3588 | D:4      | Noticed Crazy Yiuf
  3598 | D:4      | Slain by Crazy Yiuf

Illustrated notes

Levels and vault maps discovered:
D:1:      scummos_arrival_simple_fountains, layout_basic
D:2:      layout_loops_corners, basic_altar,
          shapermc_ecumenical_altar_mp_urbaneastern
D:3:      layout_basic, st_stairs_4
D:4:      layout_loops_ring, gammafunk_ghost_necromancy,
          uniq_crazy_yiuf_cottage, uniq_pikel

Skill      XL: |  1  2  3  4  5  6 |
---------------+-------------------+-----
Spellcasting   | 5 |  5.4
Invocations    | 1 2 |  2.2
Short Blades   | 1 2 |  2.0
Long Blades    | 1 2 |  2.0
Maces & Flails | 1 2 |  2.0
Polearms       | 1 2 |  2.0
Staves         | 1 2 |  2.0
Slings         | 1 2 |  2.0
Bows           | 1 2 |  2.0
Crossbows      | 1 2 |  2.0
Stealth        | 1 2 |  2.0
Shields        | 1 2 |  2.0
Unarmed Combat | 1 2 |  2.0
Evocations     | 1 2 |  2.0
Throwing       | 3 |  3.2
Armour         | 3 |  3.2
Conjurations   | 1 |  1.5
Hexes          | 1 |  1.5
Summonings     | 1 |  1.5
Necromancy     | 1 |  1.5
Transmutations | 1 |  1.5
Fire Magic     | 1 |  1.5
Ice Magic      | 1 |  1.5
Air Magic      | 1 |  1.5
Earth Magic    | 1 |  1.5
Poison Magic   | 1 |  1.5
Fighting       | 5 |  5.0
Axes           | 5 |  5.0
Dodging        | 5 |  5.0
Translocations | |  5.6

Action                   |  1- 3 |  4- 6 || total
-------------------------+-------+-------++-------
Melee: Hand axe          |    25 |       ||    25
       Bite              |     6 |       ||     6
       Punch             |     2 |       ||     2
       Dagger            |    27 |       ||    27
 Fire: Hunting sling     |    39 |    92 ||   131
Throw: Boomerang         |       |     2 ||     2
 Cast: Blink             |       |     2 ||     2
       Gell's Gravitas   |       |     2 ||     2
 Stab: Sleeping          |     1 |       ||     1
Armor: Leather armour    |    10 |     8 ||    18
Dodge: Dodged            |    38 |    19 ||    57
